 Dungeon Crawl Stone Soup version 0.26.1-11-gd32895ea62 (webtiles) character file.

Game seed: 13567383743665141646

44 jlumianski the Grasshopper (level 3, -1/46 HPs)
             Began as a Gnoll Warper on June 24, 2021.
             Slain by an iguana (12 damage)
             ... on level 2 of the Dungeon.
             The game lasted 00:04:15 (1025 turns).

jlumianski the Grasshopper (Gnoll Warper)           Turns: 1025, Time: 00:04:15

Health: -1/46      AC:  6    Str: 13    XL:     3   Next: 62%
Magic:  4/9        EV: 12    Int: 16    God:
Gold:   42         SH:  0    Dex: 14    Spells: 7/12 levels left

rFire    + . .     SeeInvis .   a - +0 hand axe
rCold    + + .     Faith    .   (no shield)
rNeg     . . .     Spirit   .   n - +0 ring mail
rPois    +         Reflect  .   (no helmet)
rElec    +         Harm     .   (no cloak)
rCorr    +         Rampage  .   o - +0 pair of gloves
Will     .....                  (no boots)
Stlth    ..........             (no amulet)
HPRegen  0.15/turn              i - ring of protection from cold
MPRegen  0.11/turn              (no ring)

@: berserking, lethally poisoned (-1 -> -4), resistant, very quick
A: distributed training, fangs 1, strong nose
a: no special abilities


You were on level 2 of the Dungeon.
You visited 1 branch of the dungeon, and saw 2 of its levels.

You collected 42 gold pieces.

Inventory:

Hand Weapons
 a - a +0 hand axe (weapon)
 p - a +0 hunting sling
Missiles
 e - 5 boomerangs of dispersal
 g - 61 stones (quivered)
 k - 19 bolts
Armour
 b - a +0 leather armour
 n - a +0 ring mail (worn)
 o - a +0 pair of gloves (worn)
Jewellery
 i - a ring of protection from cold (left hand)
Scrolls
 c - 3 scrolls of identify {unknown}
 d - a scroll of blinking
 f - a scroll of remove curse
 j - a scroll of amnesia {unknown}
 l - a scroll of enchant armour {unknown}
Potions
 h - a potion of resistance
 q - a potion of degeneration {unknown}


   Skills:
 + Level 4.5 Fighting
 + Level 0.9 Short Blades
 + Level 0.9 Long Blades
 + Level 4.5 Axes
 + Level 0.9 Maces & Flails
 + Level 0.9 Polearms
 + Level 0.9 Staves
 + Level 0.9 Slings
 + Level 0.9 Bows
 + Level 0.9 Crossbows
 + Level 2.6 Throwing
 + Level 2.6 Armour
 + Level 4.5 Dodging
 + Level 0.9 Stealth
 + Level 0.9 Shields
 + Level 0.9 Unarmed Combat
 + Level 5.0 Spellcasting
 + Level 0.6 Conjurations
 + Level 0.6 Hexes
 + Level 0.6 Summonings
 + Level 0.6 Necromancy
 + Level 5.4 Translocations
 + Level 0.6 Transmutations
 + Level 0.6 Fire Magic
 + Level 0.6 Ice Magic
 + Level 0.6 Air Magic
 + Level 0.6 Earth Magic
 + Level 0.6 Poison Magic
 + Level 1.0 Invocations
 + Level 0.9 Evocations


You had 7 spell levels left.
You knew the following spells:

 Your Spells              Type           Power        Failure   Level
a - Blink                 Tloc           N/A          4%          2
b - Gell's Gravitas       Tloc           10%          10%         3

Your spell library contained the following spells:

 Spells                   Type           Power        Failure   Level
 Lesser Beckoning         Tloc           10%          10%         3
 Teleport Other           Tloc           21%          10%         3
 Passage of Golubria      Tloc           N/A          32%         4


Dungeon Overview and Level Annotations

Branches:
Dungeon (2/15)

Altars:


Innate Abilities, Weirdness & Mutations

Your experience applies equally to all skills.
You have very sharp teeth.
Your uncanny sense of smell can sniff out nearby items.


Message History

You feel protected.
You feel sick. The adder bites you but does no damage.
The iguana bites you but does no damage.
It was a potion of berserk rage.
A red film seems to cover your vision as you go berserk!
You feel yourself moving faster!
You feel mighty! The adder bites you but does no damage.
The iguana barely misses you. The adder bites you but does no damage.
You slash the adder!
You kill the adder!
You hit the iguana.
You feel sick.
Your Invocations skill increases to level 1!
You hit the iguana.
The iguana is moderately wounded.
The iguana bites you!
* * * LOW HITPOINT WARNING * * *
You slash the iguana!
The iguana is severely wounded.
The iguana bites you!
You die...

............###...♣≈≈≈≈≈
............# #....≈≈≈≈≈
............# #..#...#≈≈
....(.......# #..#.(.#
######.###### #..# #(#
#. #†.# .# #..# # #l.#
#.@# #.$# #..# ####


You could see an iguana.

Vanquished Creatures
  An adder (D:2)
  An orc (D:2)
  8 bats
  A giant cockroach (D:2)
  4 goblins
  3 hobgoblins
  A jackal (D:1)
  4 frilled lizards
  5 kobolds (D:1)
  6 rats (D:1)
34 creatures vanquished.

Vanquished Creatures (others)
  7 plants (D:2)
7 creatures vanquished.

Grand Total: 41 creatures vanquished

Notes
Turn   | Place    | Note
-------+----------+-------------------------------------------
     0 | D:1      | jlumianski the Gnoll Warper began the quest for the Orb.
     0 | D:1      | Reached XP level 1. HP: 20/20 MP: 6/6
   370 | D:1      | Reached XP level 2. HP: 21/26 MP: 7/7
   590 | D:1      | Reached XP level 3. HP: 21/31 MP: 9/9
   593 | D:1      | Learned a level 2 spell: Blink
   597 | D:1      | Learned a level 3 spell: Gell's Gravitas
   924 | D:2      | Reached skill level 5 in Spellcasting
  1024 | D:2      | Reached skill level 1 in Invocations
  1025 | D:2      | Slain by an iguana

Illustrated notes

Levels and vault maps discovered:
D:1:      amcnicky_arrival_abandoned_market, layout_loops_ring, minmay_vboxes
D:2:      layout_basic, fedhas_altar_fruit_tree, serial_bayou_ford_a

Skill      XL: |  1  2  3 |
---------------+----------+-----
Spellcasting   | 5 |  5.0
Invocations    | 1 |  1.0
Fighting       | |  4.5
Short Blades   | |  0.9
Long Blades    | |  0.9
Axes           | |  4.5
Maces & Flails | |  0.9
Polearms       | |  0.9
Staves         | |  0.9
Slings         | |  0.9
Bows           | |  0.9
Crossbows      | |  0.9
Throwing       | |  2.6
Armour         | |  2.6
Dodging        | |  4.5
Stealth        | |  0.9
Shields        | |  0.9
Unarmed Combat | |  0.9
Conjurations   | |  0.6
Hexes          | |  0.6
Summonings     | |  0.6
Necromancy     | |  0.6
Translocations | |  5.4
Transmutations | |  0.6
Fire Magic     | |  0.6
Ice Magic      | |  0.6
Air Magic      | |  0.6
Earth Magic    | |  0.6
Poison Magic   | |  0.6
Evocations     | |  0.9

Action                   || total
-------------------------++-------
Melee: Hand axe          ||    86
       Bite              ||     4
 Fire: Hunting sling     ||     5
 Cast: Blink             ||     3
  Use: Scroll            ||     1
       Potion            ||     2
Armor: Leather armour    ||    24
       Ring mail         ||    17
Dodge: Dodged            ||    76
